 Dungeon Crawl Stone Soup version 0.31-a0-1008-g5b978dac0e (webtiles) character file.

Game seed: 4552084787201972712

53 Descartes the Stinger (level 3, -2/21 HPs)
             Began as an Octopode Venom Mage on Nov 12, 2023.
             Slain by an adder (3 damage)
             ... on level 2 of the Dungeon.
             The game lasted 00:02:57 (725 turns).

Descartes the Stinger (Octopode Venom Mage)          Turns: 725, Time: 00:02:59

Health: -2/21      AC:  1    Str:  9    XL:     3   Next: 89%
Magic:  2/6        EV: 13    Int: 17    God:
Gold:   61         SH:  0    Dex: 12    Spells: 5/6 levels left

rFire   . . .        g - +4 hand axe
rCold   . . .        (no shield)
rNeg    . . .        (helmet restricted)
rPois   .            (no amulet)
rElec   .            (no ring)
rCorr   .            (no ring)
SInv    .            (no ring)
Will    .....        (no ring)
Stlth   +++          (no ring)
HPRegen 0.23/turn    (no ring)
MPRegen 0.10/turn    (no ring)
                     (no ring)

%: no passive effects
@: lethally poisoned (-2 -> -6)
A: almost no armour, amphibious, 8 rings, camouflage 1, gelatinous body 1,
(nimble swimmer 1), tentacles
a: no special abilities


You were on level 2 of the Dungeon.
You visited 1 branch of the dungeon, and saw 2 of its levels.

You collected 61 gold pieces.

Inventory:

Hand Weapons
 g - a +4 hand axe (weapon)
Missiles
 b - 7 poisoned darts
Scrolls
 d - 2 scrolls of identify {unknown}
 e - a scroll of blinking {unknown}
 f - a scroll of enchant armour {unknown}
Potions
 a - a potion of magic
 c - a potion of curing


   Skills:
 + Level 2.4 Dodging
 + Level 3.4 Stealth
 + Level 2.3 Spellcasting
 + Level 1.8 Transmutations
 + Level 0.9 Fire Magic
 + Level 4.0 Poison Magic


You had 5 spell levels left.
You knew the following spells:

 Your Spells              Type           Power      Damage    Failure   Level
a - Sting                 Tmut/Pois      44%        1d5       5%          1

Your spell library contained the following spells:

 Spells                   Type           Power      Damage    Failure   Level
 Poisonous Vapours        Pois/Air       16%        N/A       12%         2
 Mephitic Cloud           Conj/Pois/Air  6%         N/A       32%         3
 Olgreb's Toxic Radiance  Pois           15%        N/A       34%         4


Dungeon Overview and Level Annotations

Branches:
Dungeon (2/15)

Altars:

Shops:
D:1 *[


Innate Abilities, Weirdness & Mutations

You cannot wear most types of armour.
You are amphibious.
You can wear up to eight rings at the same time.
Your skin changes colour to match your surroundings (Stealth+).
Your rubbery body absorbs attacks. (AC +1, EV +1)
((You are camouflaged when in or above water. (Stealth+)))
You have tentacles for arms and can constrict up to eight enemies at once.


Message History

Casting: Sting (safe; 5% risk of failure)
Confirm with . or Enter, or press ? or * to list all spells.
Aiming: Sting (safe; 5% risk of failure)
Press: ? - help, Shift-Dir - straight line, f - adder
Aim: an adder (53% to hit)
The sting misses the adder.
* * * LOW HITPOINT WARNING * * *
You feel sick. The adder closely misses you.
Unknown command.
* * * LOW HITPOINT WARNING * * *
You feel sick. The adder attacks as it pursues you! The adder bites you.
* * * LOW HITPOINT WARNING * * *
* * * LOW HITPOINT WARNING * * *
You feel sick. The adder attacks as it pursues you!
The adder barely misses you.
You feel better. The adder closely misses you.
Casting: Sting (safe; 5% risk of failure)
Confirm with . or Enter, or press ? or * to list all spells.
Aiming: Sting (safe; 5% risk of failure)
Press: ? - help, Shift-Dir - straight line, f/p - adder
Aim: an adder (53% to hit)
The sting misses the adder.
The sting hits the orc but does no damage.
The orc is poisoned.
The adder barely misses you. x2
Unknown command.
You hit the adder. Your grab misses the adder.
The adder is heavily wounded.
You barely miss the orc. The adder bites you.
You are poisoned.
The adder poisons you! The orc hits you with a +0 short sword.
* * * LOW HITPOINT WARNING * * *
The adder closely misses you.
You hit the adder but do no damage. Your grab misses the adder.
The adder is heavily wounded.
You hit the orc.
* * * LOW HITPOINT WARNING * * *
You feel sick.
You kill the orc!
The adder bites you.
You die...

..####
....................#
....... #..........# ......
#.#....##..####### #....
##.#...(..<....... #....
.....##..#.....## #..w#
##...#......<<..###
#...###..#.........(......
##...##...###.S@.>......##.
#..).##.......)............
#..#.)....###.....(........
....#.....##
#.............. ..........#
#..............
...........#
####.#.####....
............# #.#.# ...
........###... #.#.#
........# .... #.#.#


You could see an adder.

Vanquished Creatures
  2 adders (D:2)
  2 dart slugs (D:1)
  4 orcs (D:2)
  3 ball pythons (D:1)
  2 giant cockroaches
  6 hobgoblins (D:1)
  4 jackals (D:1)
  3 bats (D:1)
  A kobold (D:1)
27 creatures vanquished.

Notes
Turn   | Place    | Note
-------+----------+-------------------------------------------
     0 | D:1      | Descartes the Octopode Venom Mage began the quest for the
                  | Orb.
     0 | D:1      | Reached XP level 1. HP: 11/11 MP: 3/3
   139 | D:1      | Found Zalon's Assorted Antiques.
   280 | D:1      | Reached XP level 2. HP: 5/17 MP: 5/5
   338 | D:1      | Found Surueqitzu's Antique Armour Shop.
   521 | D:1      | Reached XP level 3. HP: 18/21 MP: 6/6
   616 | D:1      | Found a faded altar of an unknown god.
   678 | D:2      | Reached skill level 4 in Poison Magic
   720 | D:2      | HP: 1/21 [poisoned by an adder]
   725 | D:2      | HP: 1/21 [poisoned by an adder]
   725 | D:2      | Slain by an adder

Illustrated notes

Levels and vault maps discovered:
D:1:      beargit_arrival_greenhouse, layout_basic,
          shapermc_ecumenical_altar_notcrosses, serial_shops, shop,
          nicolae_shop_hallway_plus, serial_bayou_pond_e,
          dreamdust_mushroom_princess, chequers_serial_rivers_small_b,
          minmay_split_cup_large
D:2:      layout_rooms

Skill      XL: |  1  2  3 |
---------------+----------+-----
Stealth        | 3 |  3.4
Poison Magic   | 4 |  4.0
Dodging        | |  2.4
Spellcasting   | |  2.3
Transmutations | |  1.8
Fire Magic     | |  0.9

Action                     || total
---------------------------++-------
  Melee: Unarmed           ||    63
         Constrict         ||    21
         Tentacles         ||    17
         Punch             ||     1
         Hand axe          ||     4
   Cast: Sting             ||     6
    Use: Potion            ||     2
   Stab: Sleeping          ||     3
 Armour: Skin              ||    35
  Dodge: Dodged            ||    59

Table legend: (Time is in decaauts)
 A = Elapsed time spent in this place.
 B = Non-inter-level travel time spent in this place.
 C = Inter-level travel time spent in this place.
 D = Time resting spent in this place.
 E = Time spent auto-exploring this place.
 F = Levels seen in this place.
 G = Mean time per level.
                   A        B        C        D        E       F      G
               +--------+--------+--------+--------+--------+-----+--------+
         Total |    725 |    698 |     27 |      0 |    530 |   2 |  362.5 |
       Dungeon |    725 |    698 |     27 |      0 |    530 |   2 |  362.5 |
               +--------+--------+--------+--------+--------+-----+--------+

Top non-repeatable levels by time:
     D:1: 673 daAuts
     D:2: 52 daAuts
